 Dungeon Crawl Stone Soup version 0.32-a0-391-gce5c0aab1b (webtiles) character file.

Game seed: 12919217186847220659

776 Flugkiller the Chopper (level 7, -6/64 HPs)
             Began as a Mountain Dwarf Chaos Knight on Feb 20, 2024.
             Was a Plaything of Xom.
             Mangled by an entropy weaver (12 damage)
             ... on level 5 of the Dungeon.
             The game lasted 00:07:03 (2921 turns).

Flugkiller the Chopper (MDCK)                       Turns: 2921, Time: 00:07:03

Health: -6/64      AC: 10    Str: 16    XL:     7   Next: 54%
Magic:  7/7        EV:  9    Int: 17    God:    Xom [...*..]
Gold:   71         SH:  0    Dex: 14    Spells: 6/6 levels left

rFire   + . .        r - +3 hand axe "Dragonslayer" {freeze, rC+ Int+4 Dex+5}
rCold   + + .        (no shield)
rNeg    . . .        o - +0 scale mail
rPois   .            (no helmet)
rElec   +            n - scarf {rC+ rF+}
rCorr   .            (no gloves)
SInv    .            d - +2 pair of boots "Neesuxke" {rElec}
Will    .....        p - amulet of regeneration Stlth
                     (no ring)
HPRegen 1.10/turn    (no ring)
MPRegen 0.10/turn

%: no passive effects
@: lethally poisoned (-6 -> -6)
A: runic magic, artefact enchanting
a: Renounce Religion


You were on level 5 of the Dungeon.
You worshipped Xom.
You were a favourite toy of Xom.
You visited 1 branch of the dungeon, and saw 7 of its levels.

You collected 239 gold pieces.
You spent 168 gold pieces at shops.

Inventory:

Hand Weapons
 a - a +0 hand axe of chaos
 l - a +0 quick blade
   (You found it on level 2 of the Dungeon)
 r - the +3 hand axe "Dragonslayer" (weapon) {freeze, rC+ Int+4 Dex+5}
   (You bought it in a shop on level 2 of the Dungeon)

   Int+4:     It affects your intelligence (+4).
   Dex+5:     It affects your dexterity (+5).
   rC+:       It protects you from cold.
 s - a +1 broad axe of venom
   (You acquired it on level 6 of the Dungeon)
Armour
 b - a +2 leather armour
 d - the +2 pair of boots "Neesuxke" (worn) {rElec}
   (You acquired it on level 1 of the Dungeon)

   rElec:     It insulates you from electricity.
 n - a scarf of resistance (worn)
   (You found it on level 3 of the Dungeon)
 o - a +0 scale mail (worn)
   (You took it off an orc on level 3 of the Dungeon)
Jewellery
 p - an amulet of regeneration (around neck)
   (You found it on level 4 of the Dungeon)
Wands
 v - a wand of iceblast (14)
   (You found it on level 5 of the Dungeon)
Scrolls
 c - a scroll of butterflies
 e - a scroll of immolation
 f - a scroll of fear {unknown}
 g - a scroll of poison
 i - a scroll of enchant armour {unknown}
 t - 3 scrolls of teleportation
Potions
 h - a potion of mutation
 j - a potion of brilliance {unknown}
 k - a potion of berserk rage {unknown}
 m - a potion of lignification {unknown}
 q - a potion of curing
 u - a potion of heal wounds {unknown}


   Skills:
 * Level 6.7 Fighting
 * Level 7.3 Axes
 + Level 4.6 Armour
 - Level 0.6 Dodging


You had 6 spell levels left.
You didn't know any spells.
Your spell library was empty.

Dungeon Overview and Level Annotations

Branches:
Dungeon (7/15) Zot: 26798
 Temple: D:4-7

Altars:
Fedhas
Qazlal
Sif Muna
Wu Jian
Beogh

Shops:
D:2 (

Annotations:
D:3 3 runed translucent doors, 2tousent's ghost, amateur CoHu
D:6 exclusion: downstairs
D:7 Maurice


Innate Abilities, Weirdness & Mutations

Your spellcasting is much less encumbered by armour.
You can use scrolls of enchantment on lesser artefacts.


Message History

You barely miss the adder.
The adder is moderately wounded.
You feel sick. The adder bites you but does no damage.
You hit the adder.
The adder seems to slow down.
You freeze the adder.
You kill the adder!
You feel sick.
Your Axes skill increases to level 7!
You feel sick.
You see here an adder corpse.
You feel sick.
No target in view!
You feel sick.
You feel sick.
You are no longer poisoned.
An iguana comes into view.
The iguana hisses angrily.
The iguana moves out of view.
You hit the iguana. You freeze the iguana.
The iguana is lightly wounded.
The iguana bites you but does no damage.
You closely miss the iguana.
The iguana is lightly wounded.
The iguana closely misses you.
You slash the iguana! You freeze the iguana.
The iguana is almost dead.
The iguana bites you but does no damage.
You barely miss the iguana.
The iguana is almost dead.
The iguana bites you!
You hit the iguana.
The iguana seems to slow down.
You freeze the iguana.
You kill the iguana!
No target in view!
Found a stone staircase leading up.
Found a cloak.
Menkaure, Prince of Dust comes into view.
You hear the slow rusting of a very distant drain.
Menkaure shouts!
Menkaure calls on the powers of darkness!
Your body is wracked with pain!
You see here an adder corpse.
You start resting.
Menkaure is nearby!
Xom twists space around you.
Your surroundings suddenly seem different.
Found a scroll of teleportation.
Your surroundings suddenly seem different.
You are now a favourite toy of Xom.
Menkaure hits you!!
You slash Menkaure! You freeze Menkaure.
Menkaure is heavily damaged.
Menkaure gestures wildly while chanting.
Menkaure seems to speed up.
You slash Menkaure! You freeze Menkaure.
Menkaure is almost destroyed.
Menkaure hits you.
You hit Menkaure.
You destroy Menkaure!
No target in view!
You hear the slow rusting of a drain nearby.
HP restored.
Found a stormy altar of Qazlal.
Unknown command.
Found 2 stones.
Unknown command. "Whee!"
Your surroundings suddenly seem different.
Found 14 gold pieces.
You now have 59 gold pieces (gained 14).
Found a shimmering blue altar of Sif Muna.
Unknown command.
You now have 71 gold pieces (gained 12).
You open the door.
There is an open door here.
A scorpion comes into view.
Unknown command.
The scorpion stings you.
You are poisoned.
The scorpion poisons you! The scorpion closely misses you.
You hit the scorpion but do no damage.
You feel very sick.
You hear Xom's avuncular chuckle.
The scorpion evaporates and reforms as an entropy weaver!
The entropy weaver closely misses you.
The entropy weaver hits you but does no damage.
The entropy weaver hits you!
The entropy weaver hits you but does no damage.
You hit the entropy weaver but do no damage.
You feel sick.
The entropy weaver hits you. x2; The entropy weaver hits you!
The entropy weaver hits you but does no damage.
You are too injured to fight recklessly!
You slash the entropy weaver! You freeze the entropy weaver.
The entropy weaver is lightly wounded.
You hear the slow rusting of a distant drain.
You feel sick. The entropy weaver hits you!
* * * LOW HITPOINT WARNING * * *
The entropy weaver hits you!
* * * LOW HITPOINT WARNING * * *
The entropy weaver barely misses you. The entropy weaver hits you!
You die...
Xom is highly amused!

#...#...... .....≈^.#
#≈....#^§. ^^≈§^#≈≈.#
#≈§.^#...#
^§≈..^≈.(###
..._.......#
^^≈.^..^^#.#########.#
##≈.^#^.........@B...#
^...#.#.#############
^..^###.# ^.......#
#..####.# ## ###.#
.#####'..# #.....####
#.###.#


You could see an entropy weaver.

Vanquished Creatures
  Menkaure (D:5)
  2 phantoms (D:4)
  A kobold brigand (D:6)
  A bullfrog (D:6)
  A scorpion (D:5)
  A bombardier beetle (D:3)
  A hound (D:3)
  2 iguanas (D:5)
  8 adders
  5 dart slugs
  2 ribbon worms
  7 orcs
  5 endoplasms
  4 giant cockroaches
  3 hobgoblins
  2 quokkas
  6 ball pythons
  A bat (D:3)
  2 frilled lizards
  9 goblins
  6 kobolds
  3 rats
73 creatures vanquished.

Vanquished Creatures (others)
  An orc zombie (D:3)
1 creature vanquished.

Grand Total: 74 creatures vanquished

Notes
Turn   | Place    | Note
-------+----------+-------------------------------------------
     0 | D:1      | Flugkiller the Mountain Dwarf Chaos Knight began the quest
                  | for the Orb.
     0 | D:1      | Reached XP level 1. HP: 19/19 MP: 1/1
    40 | D:1      | XOM: silly message
   465 | D:1      | Reached XP level 2. HP: 26/26 MP: 2/2
   576 | D:1      | Identified a scroll of acquirement
   675 | D:1      | Acquired the +2 pair of boots "Neesuxke" {rElec}
   693 | D:2      | Reached skill level 4 in Axes
   693 | D:2      | Found Kasm's Antique Weapon Shoppe.
   741 | D:2      | Reached XP level 3. HP: 31/33 MP: 3/3
   838 | D:2      | XOM: noise
   884 | D:2      | XOM: silly message
  1002 | D:2      | XOM: cloud trail
  1027 | D:2      | XOM: divination: detect creatures
  1219 | D:3      | Reached XP level 4. HP: 30/40 MP: 4/4
  1267 | D:3      | XOM: god gift: 6 stones
  1274 | D:3      | XOM: silly message
  1426 | D:3      | XOM: silly message
  1478 | D:3      | Reached skill level 5 in Axes
  1500 | D:3      | XOM: noise
  1506 | D:3      | Reached XP level 5. HP: 44/47 MP: 5/5
  1552 | D:3      | Found a blossoming altar of Fedhas.
  1619 | D:3      | XOM: 1-stop teleportation journey
  1804 | D:3      | Found an ornate altar of the Wu Jian Council.
  1873 | D:3      | Found a runed translucent gate.
  1874 | D:3      | Found a runed translucent gate.
  1874 | D:3      | Noticed 2tousent's ghost (amateur CoHu)
  1875 | D:3      | Found a runed translucent gate.
  1876 | D:3      | Identified the +2 whip "Haqilugu" {pain, rElec}
  1876 | D:3      | Identified the +0 chain mail of Kahant {-Cast Rampage
                  | rPois}
  2004 | D:3      | Found a roughly hewn altar of Beogh.
  2167 | D:4      | XOM: noise
  2170 | D:4      | Noticed an ogre
  2200 | D:3      | Reached skill level 5 in Fighting
  2296 | D:2      | Bought a transparent hand axe for 168 gold pieces
  2296 | D:2      | Identified the +3 hand axe "Dragonslayer" {freeze, rC+
                  | Int+4 Dex+5} (You bought it in a shop on level 2 of the
                  | Dungeon)
  2410 | D:4      | XOM: silly message
  2440 | D:4      | Noticed a phantom
  2447 | D:4      | XOM: cast spell 'Iskenderun's Battlesphere'
  2459 | D:4      | XOM: enchant monster (bad)
  2464 | D:4      | Killed a phantom
  2465 | D:4      | Reached XP level 6. HP: 54/56 MP: 6/6
  2518 | D:4      | XOM: cast spell 'Alistair's Intoxication'
  2527 | D:4      | Reached skill level 6 in Axes
  2581 | D:4      | You fall into a shaft and drop 3 floors!
  2650 | D:7      | Noticed Maurice
  2650 | D:7      | XOM: 2-stop teleportation journey
  2651 | D:7      | Noticed a water moccasin
  2651 | D:7      | Paralysed by Maurice for 3 turns
  2672 | D:6      | XOM: confuse monster(s)
  2681 | D:6      | Reached XP level 7. HP: 42/63 MP: 7/7
  2701 | D:6      | XOM: confusion (+ monsters)
  2704 | D:6      | Acquired a +1 broad axe of venom
  2718 | D:5      | Entered Level 5 of the Dungeon
  2796 | D:5      | Reached skill level 7 in Axes
  2819 | D:5      | Noticed Menkaure
  2848 | D:5      | XOM: 2-stop teleportation journey
  2852 | D:5      | Killed Menkaure
  2874 | D:5      | Found a stormy altar of Qazlal.
  2880 | D:5      | XOM: 1-stop teleportation journey
  2894 | D:5      | Found a shimmering blue altar of Sif Muna.
  2919 | D:5      | a scorpion changed into an entropy weaver
  2919 | D:5      | Noticed an entropy weaver
  2919 | D:5      | XOM: polymorph scorpion -> entropy weaver
  2921 | D:5      | Mangled by an entropy weaver

Illustrated notes

Levels and vault maps discovered:
D:1:      dpeg_arrival_rhombi, layout_basic, dreamdust_princess_corridor
D:2:      layout_rooms, serial_shops, shop, minmay_box_of_dots
D:3:      layout_rooms, general_overflow_altar, mainiacjoe_overflow_paths,
          biasface_ghost_orc_armoury
D:4:      layout_gridville, mainiacjoe_overflow_chevrons
D:5:      layout_loops_ring, grunt_qazlal_sundering, mainiacjoe_overflow_swirl,
          temple_doors_ab, gup_sewer_entry_glass, uniq_menkaure
D:6:      layout_loops_ring, abandoned_shop
D:7:      layout_cave_pods, vehumet_statue, okawaru_ov_weapons_minmay,
          chequers_serial_rivers_large_b, uniq_maurice

Skill      XL: |  1  2  3  4  5  6  7 |
---------------+----------------------+-----
Axes           | 4 5 6 7 |  7.3
Fighting       | 4 5 6 |  6.7
Armour         | 3 4 |  4.6
Dodging        | |  0.6

Action                     |  1- 3 |  4- 6 |  7- 9 || total
---------------------------+-------+-------+-------++-------
  Melee: Hand axe          |    72 |   138 |    52 ||   262
    Use: Scroll            |     6 |     3 |     1 ||    10
         Potion            |       |       |     1 ||     1
 Armour: Leather armour    |    44 |    27 |       ||    71
         Scale mail        |       |    88 |    44 ||   132
  Dodge: Dodged            |    40 |    68 |    17 ||   125

Table legend: (Time is in decaauts)
 A = Elapsed time spent in this place.
 B = Non-inter-level travel time spent in this place.
 C = Inter-level travel time spent in this place.
 D = Time resting spent in this place.
 E = Time spent auto-exploring this place.
 F = Levels seen in this place.
 G = Mean time per level.
                   A        B        C        D        E       F      G
               +--------+--------+--------+--------+--------+-----+--------+
         Total |   2932 |   2753 |    179 |    220 |   1555 |   7 |  418.9 |
       Dungeon |   2932 |   2753 |    179 |    220 |   1555 |   7 |  418.9 |
               +--------+--------+--------+--------+--------+-----+--------+

Top non-repeatable levels by time:
     D:3: 881 daAuts
     D:2: 696 daAuts
     D:1: 689 daAuts
     D:4: 328 daAuts
     D:5: 201 daAuts
     D:7: 85 daAuts
     D:6: 50 daAuts
